Workbook
Name eCRAFTLCATList: 'Fully Loaded Labor Rate Build'!$Z$5:$Z$619
Name GandK_MSA_Country_Code_List: 'Fully Loaded Labor Rate Build'!#REF!

Sheet Instructions - FLLRB
A1: See Red Tab | B1: Column Ref. | C1: Title Name from Row 4 of "Sample" FLLRB | D1: Narrative descriptions of each Title Name
B2: B | C2: Contractor's Internal LCAT | D2: Contractors' in-house Labor Categories (LCATs).
B3: C | C3: eCRAFT Crosswalk | D3: As the title suggests, the vendor is instructed to cross-walk its in-house LCATs to the eCRAFT LCAT equivalents.
B4: D | C4: Location - G or K | D4: User has choice of G (Government Site) or K (Contractor Site).
B5: E | C5: Performed By Prime (P) or Subcontractor (S) | D5: Enter a P for Prime or an S for Subcontractor.
B6: F | C6: Prime or Subcontractor Name | D6: Enter name of company performing the work.
B7: G | C7: FTEs (optional) | D7: Enter the whole number or percentage of a Full-Time-Equivalent (FTE).
B8: H | C8: Productive Hrs. @ Year | D8: Enter the hours of a FTE IAW your financial disclosure and or accounting practices.
B9: I | C9: Proposed Hours | D9: The results of column H and the corresponding Column I entries, extended, result in the product of column H * I.
B10: J | C10: Direct Cost | D10: Each hourly direct labor rate is pulled or referenced from a separate "Direct Labor Rate Sheet".
B11: K | C11: Fringe Rate | D11: Similarly, the Fringe Rate is pulled or referenced from a separate "Indirect Rate Sheet" and applied to the corresponding direct labor rate to compute the Fringe dollar cost per hour.
B12: L | C12: Overhead Rate - On-Site & Off-Site | D12: The Overhead Rate is referenced from the "Indirect Rate Sheet" and applied to the Direct Labor Rate and/or the Fringe base, IAW the Vendors' financial disclosure and accounting practices to compute the Overhead dollar cost per hour.
B13: M | C13: SHC/MHC Rate - applied to subcontractor costs | D13: The Prime's SHC/MHC referenced from the "Indirect Rate Sheet" is applied to the Subcontractor's Direct Labor Rate (FBLR) to compute the SHC/MHC dollar cost per hour and represents a Prime loading factor.
... B21: U | C21: Wrap Rate | D21: The Wrap Rate is computed by dividing the Proposed Fully Loaded Labor Rate by the Direct Cost to ascertain loadings over and above the Proposed Direct Labor Rate.

Sheet Fully Loaded Labor Rate Build
B1: PoP 1 (pick 1 thru 5)
B2: SAMPLE - Fully Loaded Labor Rate Build (Prime is to tailor IAW its financial disclosure and accounting practices) | J2: Direct Cost | K2: Indirect Cost (SAMPLE data) | Q2: Total Cost | R2: Fully Loaded Labor Rate
B4: Contractor's Internal LCAT | C4: eCRAFT Crosswalk | D4: Location- Each location must start with either a "G" for Government or "K" for Contractor. | E4: Performed By Prime (P) or Subcontractor (S) | F4: Prime or Subcontractor Name | G4: FTEs (optional) | H4: Productive Hrs. @ Year | I4: Proposed Hours | J4: Direct Cost | K4: Fringe | L4: Overhead On-Site & Off-Site | M4: SHC/MHC Rate - applied to subcontractor costs | N4: Prime/Sub Hourly Rate Before Application Of Prime G&A & Fee (IF Col C=S Enter Sub Rate) | O4: Total Prime & Sub Labor Before Prime G&A & Fee | P4: G&A | R4: Fee | S4: Total Price | T4: Proposed Fully Loaded Labor Rate | U4: Wrap Rate | Y4: eCRAFT LCAT
B5: a | C5: b | E5: c | F5: d | G5: e | H5: f | I5: g | J5: h | K5: i | L5: j | N5: k = h + i + j + m | O5: l = g x k | P5: m | Q5: n = l + m | R5: o | S5: p = n + o | T5: q = p/g | U5: r = q/h | Y5: 01011 | Z5: Accounting Clerk I
B6: Accounting, Lead Support | C6: Accounting Clerk II | E6: P | F6: ABC Prime | G6: 1 | H6: 1880 | I6: =G6*H6 -> 1880 | J6: =IFERROR(VLOOKUP(C6,'Direct Labor Rate Sheet'!$C$3:$H$8,2,FALSE),"") -> 50 | K6: =J6*'Indirect Rate Sheet'!$C$3 -> 7.5 | L6: =SUM(J6:K6)*'Indirect Rate Sheet'!$C$4 -> 12.9375 | N6: =IF(E6="P",SUM(J6:L6),SUM(J6,M6)) -> 70.4375 | O6: =I6*N6 -> 132422.5 | P6: =ROUND(IF(E6="P",O6*'Indirect Rate Sheet'!$C$7,M6*I6*'Indirect Rate Sheet'!$C$7),2) -> 17214.93 | Q6: =SUM(O6:P6) -> 149637.43 | R6: =Q6*'Indirect Rate Sheet'!$C$8 -> 8230.0586 | S6: =SUM(Q6:R6) -> 157867.49 | T6: =ROUND(ROUND(S6/I6,3),2) -> 83.97 | U6: =IFERROR((T6/J6-1),"") -> 0.6794 | Y6: 01012 | Z6: Accounting Clerk II
B7: Manager, Program Finance | C7: Analyst, Financial Systems IV | E7: P | F7: ABC Prime | G7: 1 | H7: 1880 | I7: =G7*H7 -> 1880 | J7: =IFERROR(VLOOKUP(C7,'Direct Labor Rate Sheet'!$C$3:$H$8,2,FALSE),"") -> 60 | K7: =J7*'Indirect Rate Sheet'!$C$3 -> 9 | L7: =SUM(J7:K7)*'Indirect Rate Sheet'!$C$4 -> 15.525 | N7: =IF(E7="P",SUM(J7:L7),SUM(J7,M7)) -> 84.525 | O7: =I7*N7 -> 158907 | P7: =ROUND(IF(E7="P",O7*'Indirect Rate Sheet'!$C$7,M7*I7*'Indirect Rate Sheet'!$C$7),2) -> 20657.91 | Q7: =SUM(O7:P7) -> 179564.91 | R7: =Q7*'Indirect Rate Sheet'!$C$8 -> 9876.0701 | S7: =SUM(Q7:R7) -> 189440.98 | T7: =ROUND(ROUND(S7/I7,3),2) -> 100.77 | U7: =IFERROR((T7/J7-1),"") -> 0.6795 | Y7: 01013 | Z7: Accounting Clerk III
B8: Director Contracts Administration | C8: Contracts Management Analyst III | E8: P | F8: ABC Prime | G8: 0.75 | H8: 1880 | I8: =G8*H8 -> 1410 | J8: =IFERROR(VLOOKUP(C8,'Direct Labor Rate Sheet'!$C$3:$H$8,2,FALSE),"") -> 70 | K8: =J8*'Indirect Rate Sheet'!$C$3 -> 10.5 | L8: =SUM(J8:K8)*'Indirect Rate Sheet'!$C$5 -> 22.54 | N8: =IF(E8="P",SUM(J8:L8),SUM(J8,M8)) -> 103.04 | O8: =I8*N8 -> 145286.4 | P8: =ROUND(IF(E8="P",O8*'Indirect Rate Sheet'!$C$7,M8*I8*'Indirect Rate Sheet'!$C$7),2) -> 18887.23 | Q8: =SUM(O8:P8) -> 164173.63 | R8: =Q8*'Indirect Rate Sheet'!$C$8 -> 9029.5497 | S8: =SUM(Q8:R8) -> 173203.18 | T8: =ROUND(ROUND(S8/I8,3),2) -> 122.84 | U8: =IFERROR((T8/J8-1),"") -> 0.75485714 | Y8: ACE1 | Z8: Acquisition Cost Estimator I
B9: Director , Research Science | C9: Scientist III | E9: P | F9: ABC Prime | G9: 1.5 | H9: 1880 | I9: =G9*H9 -> 2820 | J9: =IFERROR(VLOOKUP(C9,'Direct Labor Rate Sheet'!$C$3:$H$8,2,FALSE),"") -> 90 | K9: =J9*'Indirect Rate Sheet'!$C$3 -> 13.5 | L9: =SUM(J9:K9)*'Indirect Rate Sheet'!$C$5 -> 28.98 | N9: =IF(E9="P",SUM(J9:L9),SUM(J9,M9)) -> 132.48 | O9: =I9*N9 -> 373593.6 | P9: =ROUND(IF(E9="P",O9*'Indirect Rate Sheet'!$C$7,M9*I9*'Indirect Rate Sheet'!$C$7),2) -> 48567.17 | Q9: =SUM(O9:P9) -> 422160.77 | R9: =Q9*'Indirect Rate Sheet'!$C$8 -> 23218.842 | S9: =SUM(Q9:R9) -> 445379.61 | T9: =ROUND(ROUND(S9/I9,3),2) -> 157.94 | U9: =IFERROR((T9/J9-1),"") -> 0.75488889 | Y9: ACE2 | Z9: Acquisition Cost Estimator II
B10: Program Analyst | C10: Analyst, Operations III | E10: S | F10: XYZ Sub | G10: 0.5 | H10: 1920 | I10: =G10*H10 -> 960 | J10: =IFERROR(VLOOKUP(C10,'Direct Labor Rate Sheet'!$C$3:$H$8,2,FALSE),"") -> 135 | M10: =J10*'Indirect Rate Sheet'!$C$6 -> 2.997 | N10: =IF(E10="P",SUM(J10:L10),SUM(J10,M10)) -> 137.997 | O10: =I10*N10 -> 132477.12 | P10: =ROUND(IF(E10="P",O10*'Indirect Rate Sheet'!$C$7,M10*I10*'Indirect Rate Sheet'!$C$7),2) -> 374.03 | Q10: =SUM(O10:P10) -> 132851.15 | R10: =Q10*'Indirect Rate Sheet'!$C$8 -> 7306.8133 | S10: =SUM(Q10:R10) -> 140157.96 | T10: =ROUND(ROUND(S10/I10,3),2) -> 146 | U10: =IFERROR((T10/J10-1),"") -> 0.081481481 | Y10: ACE3 | Z10: Acquisition Cost Estimator III
B11: Management Analyst | C11: Analyst, Management III | E11: S | F11: XYZ Sub | G11: 2 | H11: 1920 | I11: =G11*H11 -> 3840 | J11: =IFERROR(VLOOKUP(C11,'Direct Labor Rate Sheet'!$C$3:$H$8,2,FALSE),"") -> 145 | M11: =J11*'Indirect Rate Sheet'!$C$6 -> 3.219 | N11: =IF(E11="P",SUM(J11:L11),SUM(J11,M11)) -> 148.219 | O11: =I11*N11 -> 569160.96 | P11: =ROUND(IF(E11="P",O11*'Indirect Rate Sheet'!$C$7,M11*I11*'Indirect Rate Sheet'!$C$7),2) -> 1606.92 | Q11: =SUM(O11:P11) -> 570767.88 | R11: =Q11*'Indirect Rate Sheet'!$C$8 -> 31392.233 | S11: =SUM(Q11:R11) -> 602160.11 | T11: =ROUND(ROUND(S11/I11,3),2) -> 156.81 | U11: =IFERROR((T11/J11-1),"") -> 0.081448276 | Y11: AMS1 | Z11: Acquisition Management Support I
Y12: AMS2 | Z12: Acquisition Management Support II
Y13: AMS3 | Z13: Acquisition Management Support III
Y14: 01020 | Z14: Administrative Assistant
Y15: 23010 | Z15: Aerospace Structural Welder
Y16: 30010 | Z16: Air Traffic Control Specialist, Center (HFO)
Y17: 30011 | Z17: Air Traffic Control Specialist, Station (HFO)
Y18: 30012 | Z18: Air Traffic Control Specialist, Terminal (HFO)
Y19: 23019 | Z19: Aircraft Logs And Records Technician
Y20: 23040 | Z20: Aircraft Mechanic Helper (Airframe And Power Plant Mechanic Helper)
Y21: 23021 | Z21: Aircraft Mechanic I
Y22: 23022 | Z22: Aircraft Mechanic II
Y23: 23023 | Z23: Aircraft Mechanic III
Y24: 23050 | Z24: Aircraft Painter
Y25: 23060 | Z25: Aircraft Servicer (Airport Utility Worker)
Y26: 23070 | Z26: Aircraft Survival Flight Equipment Technician
... Y35: 12010 | Z35: Ambulance Driver
Y36: ANFS1 | Z36: Analyst, Financial Systems I
Y37: ANFS2 | Z37: Analyst, Financial Systems II
Y38: ANFS3 | Z38: Analyst, Financial Systems III
Y39: ANFS4 | Z39: Analyst, Financial Systems IV
Y40: ANM1 | Z40: Analyst, Management I
Y41: ANM2 | Z41: Analyst, Management II
Y42: ANM3 | Z42: Analyst, Management III
Y43: ANP1 | Z43: Analyst, Operations I
Y44: ANP2 | Z44: Analyst, Operations II
Y45: ANP3 | Z45: Analyst, Operations III
Y46: 23110 | Z46: Appliance Mechanic
Y47: 30021 | Z47: Archeological Technician I
Y48: 30022 | Z48: Archeological Technician II
Y49: 30023 | Z49: Archeological Technician III
Y50: 16010 | Z50: Assembler
Y51: AVA | Z51: Audio Visual Animator
Y52: AVDP1 | Z52: Audio Visual Director / Producer I
Y53: AVDP2 | Z53: Audio Visual Director / Producer II
Y54: AVSW | Z54: Audio Visual Script Writer
Y55: 05005 | Z55: Automobile Body Repairer, Fiberglass
Y56: 05010 | Z56: Automotive Electrician
Y57: 05040 | Z57: Automotive Glass Installer (Auto Glass Worker)
Y58: 05070 | Z58: Automotive Worker
Y59: 27006 | Z59: Background Investigator
Y60: 27007 | Z60: Baggage Inspector
Y61: 07010 | Z61: Baker
Y62: 24510 | Z62: Barber
Y63: 24540 | Z63: Beautician (Cosmetologist)
Y64: 23120 | Z64: Bicycle Repairer
Y65: 29010 | Z65: Blocker And Bracer
Y66: BO | Z66: Boat Operator
Y67: 47010 | Z67: Boatswains (Bosun)
Y68: 25010 | Z68: Boiler Tender
Y69: 12011 | Z69: Breath Alcohol Technician (BAT)
Y70: 25020 | Z70: Bridge Tender
Y71: 08010 | Z71: Brush/Precommercial Thinner
Y72: 31020 | Z72: Bus Aide
Y73: 31030 | Z73: Bus Driver
Y74: 99025 | Z74: Cabin Safety Specialist
Y75: 23125 | Z75: Cable Splicer
Y76: 28041 | Z76: Carnival Equipment Operator
Y77: 28042 | Z77: Carnival Equipment Repairer
Y78: 28043 | Z78: Carnival Worker
Y79: 23130 | Z79: Carpenter, Maintenance
Y80: 23140 | Z80: Carpet Layer
Y81: 30030 | Z81: Cartographic Technician
Y82: 24550 | Z82: Case Manager
Y83: 99030 | Z83: Cashier
... Y85: 12015 | Z85: Certified Physical Therapist Assistant
Y86: CHEM1 | Z86: Chemist I
Y87: CHEM2 | Z87: Chemist II
Y88: CHEM3 | Z88: Chemist III
Y89: 47020 | Z89: Chief Cook/Steward (Chief Cook; Chief Steward/Steward- Cook/Steward-Baker)
Y90: 24570 | Z90: Child Care Attendant
Y91: 24580 | Z91: Child Care Center Clerk
Y92: 08040 | Z92: Choker Setter
Y93: 24610 | Z93: Chore Aide
Y94: 30040 | Z94: Civil Engineering Technician
Y95: 11030 | Z95: Cleaner, Vehicles
Y96: 01030 | Z96: Collection Specialist
Y97: 15050 | Z97: Computer Based Training Specialist / Instructor
Y98: 14041 | Z98: Computer Operator I
Y99: 14042 | Z99: Computer Operator II
Y100: 14043 | Z100: Computer Operator III
Y101: 14044 | Z101: Computer Operator IV
Y102: 14045 | Z102: Computer Operator V
Y103: 14071 | Z103: Computer Programmer I
Y104: 14072 | Z104: Computer Programmer II
Y105: 14073 | Z105: Computer Programmer III
Y106: 14074 | Z106: Computer Programmer IV
Y107: 14101 | Z107: Computer Systems Analyst I
Y108: 14102 | Z108: Computer Systems Analyst II
Y109: 14103 | Z109: Computer Systems Analyst III
Y110: CMA1 | Z110: Contracts Management Analyst I
...

Sheet Indirect Rate Sheet
B2: Indirect Rates plus Fee Rate | C2: Base Period | D2: Option Year 1 | E2: Option Year 2 | F2: Option Year 3 | G2: Option Year 4
B3: Fringe | C3: 0.15 | D3: 0.15 | E3: 0.16 | F3: 0.165 | G3: 0.15
B4: O/H - On-Site | C4: 0.225 | D4: 0.21 | E4: 0.2 | F4: 0.225 | G4: 0.225
B5: O/H - Off-Site | C5: 0.28 | D5: 0.26 | E5: 0.27 | F5: 0.28 | G5: 0.28
B6: SHC | C6: 0.0222 | D6: 0.0195 | E6: 0.019 | F6: 0.0222 | G6: 0.0222
B7: G&A | C7: 0.13 | D7: 0.13 | E7: 0.13 | F7: 0.13 | G7: 0.13
B8: Fee Rate | C8: 0.055 | D8: 0.055 | E8: 0.055 | F8: 0.055 | G8: 0.055

Sheet Direct Labor Rate Sheet
E1: 0.015 | F1: 0.0175 | G1: 0.02 | H1: 0.0125
B2: Contractor's Internal LCAT | C2: eCRAFT Crosswalk | D2: Base Period | E2: Option Year 1 | F2: Option Year 2 | G2: Option Year 3 | H2: Option Year 4
B3: Accounting, Lead Support | C3: Accounting Clerk II | D3: 50 | E3: =IFERROR(D3*(1+$E$1),"") -> 50.75 | F3: =IFERROR(E3*(1+$F$1),"") -> 51.638125 | G3: =IFERROR(F3*(1+$G$1),"") -> 52.670887 | H3: =IFERROR(G3*(1+$H$1),"") -> 53.329274
B4: Manager, Program Finance | C4: Analyst, Financial Systems IV | D4: 60 | E4: =IFERROR(D4*(1+$E$1),"") -> 60.9 | F4: =IFERROR(E4*(1+$F$1),"") -> 61.96575 | G4: =IFERROR(F4*(1+$G$1),"") -> 63.205065 | H4: =IFERROR(G4*(1+$H$1),"") -> 63.995128
B5: Director Contracts Administration | C5: Contracts Management Analyst III | D5: 70 | E5: =IFERROR(D5*(1+$E$1),"") -> 71.05 | F5: =IFERROR(E5*(1+$F$1),"") -> 72.293375 | G5: =IFERROR(F5*(1+$G$1),"") -> 73.739243 | H5: =IFERROR(G5*(1+$H$1),"") -> 74.660983
B6: Director , Research Science | C6: Scientist III | D6: 90 | E6: =IFERROR(D6*(1+$E$1),"") -> 91.35 | F6: =IFERROR(E6*(1+$F$1),"") -> 92.948625 | G6: =IFERROR(F6*(1+$G$1),"") -> 94.807598 | H6: =IFERROR(G6*(1+$H$1),"") -> 95.992692
B7: Program Analyst | C7: Analyst, Operations III | D7: 135 | E7: =IFERROR(D7*(1+$E$1),"") -> 137.025 | F7: =IFERROR(E7*(1+$F$1),"") -> 139.42294 | G7: =IFERROR(F7*(1+$G$1),"") -> 142.2114 | H7: =IFERROR(G7*(1+$H$1),"") -> 143.98904
B8: Management Analyst | C8: Analyst, Management III | D8: 145 | E8: =IFERROR(D8*(1+$E$1),"") -> 147.175 | F8: =IFERROR(E8*(1+$F$1),"") -> 149.75056 | G8: =IFERROR(F8*(1+$G$1),"") -> 152.74557 | H8: =IFERROR(G8*(1+$H$1),"") -> 154.65489
